 Dungeon Crawl Stone Soup version 0.27-a0-216-g1fbed8a51c (webtiles) character file.

Game seed: 4221574726555416019

855 sahdkjhfkaj the Covert (level 7, 0/55 HPs)
             Began as a Vampire Brigand on Feb 1, 2021.
             Slain by an orc priest (1 damage)
             ... on level 4 of the Dungeon.
             The game lasted 00:09:13 (3557 turns).

sahdkjhfkaj the Covert (Vampire Brigand)            Turns: 3557, Time: 00:09:14

Health: 0/55       AC:  4    Str: 12    XL:     7   Next: 70%
Magic:  7/7        EV: 13    Int: 14    God:
Gold:   144        SH:  0    Dex: 15    Spells: 4/6 levels left

rFire    . . .     SeeInvis +   a - +2 short sword (speed)
rCold    . . .     Faith    .   (no shield)
rNeg     . . .     Spirit   .   b - +0 robe
rPois    .         Reflect  .   k - +0 helmet
rElec    .         Harm     .   c - +0 cloak
rCorr    .         Rampage  .   (no gloves)
Will     .....                  (no boots)
Stlth    ++++......             (no amulet)
HPRegen  0.38/turn              (no ring)
MPRegen  0.10/turn              (no ring)

@: regenerating quickly, hasted, very quick
A: fangs 3, see invisible, unbreathing
a: Exsanguinate


You were on level 4 of the Dungeon.
You visited 1 branch of the dungeon, and saw 4 of its levels.

You collected 144 gold pieces.

Inventory:

Hand Weapons
 a - a +2 short sword of speed (weapon)
Missiles
 d - 24 poisoned darts (quivered)
 F - 2 curare-tipped darts
 J - 7 atropa-tipped darts
 Z - a throwing net
Armour
 b - a +0 robe (worn)
 c - a +0 cloak (worn)
 k - a +0 helmet (worn)
Jewellery
 o - an uncursed ring of magical power {unknown}
Wands
 r - a wand of polymorph (8)
Scrolls
 e - a scroll of fog
 f - 2 scrolls of fear
 T - 3 scrolls of teleportation
 W - a scroll of remove curse
Potions
 g - a potion of heal wounds {unknown}
 i - 2 potions of berserk rage {unknown}
 l - 2 potions of lignification
 q - a potion of brilliance {unknown}
 H - a potion of haste
 Q - 2 potions of curing


   Skills:
 + Level 4.9 Fighting
 - Level 6.0 Short Blades
 - Level 2.0 Throwing
 - Level 1.0 Armour
 - Level 3.0 Dodging
 - Level 8.0 Stealth


You had 4 spell levels left.
You knew the following spells:

 Your Spells              Type           Power        Failure   Level
a - Ensorcelled Hibernat  Hex/Ice        0%           41%         2

Your spell library contained the following spells:

 Spells                   Type           Power        Failure   Level
 Corona                   Hex            0%           28%         1
 Confusing Touch          Hex            0%           65%         3
 Dazzling Flash           Conj/Hex       0%           65%         3
 Tukima's Dance           Hex            0%           65%         3


Dungeon Overview and Level Annotations

Branches:
Dungeon (4/15)
 Temple: D:4-7

Altars:
Cheibriados
Qazlal
Vehumet
Xom

Annotations:
D:4 Eustachio


Innate Abilities, Weirdness & Mutations

Your natural rate of healing is unusually fast.
You have razor-sharp teeth.
You have supernaturally acute eyesight. (SInv)
You can survive without breathing.


Message History

You barely miss the orc priest.
The orc priest is severely wounded.
You closely miss the orc priest.
The orc priest is severely wounded.
The orc hits you with a +0 morningstar.
You hit the orc priest.
The orc priest is severely wounded.
The orc priest invokes the aid of Beogh against you.
Pain shoots through your body!
Unknown command.
You hit the orc priest.
You kill the orc priest!
You hit the orc.
The orc is moderately wounded.
The orc closely misses you.
You barely miss the orc.
The orc is moderately wounded.
You hit the orc.
The orc is almost dead.
You hit the orc but do no damage.
The orc is almost dead.
You hit the orc but do no damage.
The orc is almost dead.
You hit the orc.
You kill the orc!
You barely miss the orc priest. Your bite misses the orc priest.
The orc priest mumbles some strange prayers to Beogh against you.
Beogh smites you!
* * * LOW HITPOINT WARNING * * *
You are too injured to fight recklessly!
You are too injured to fight recklessly!
You are too injured to fight recklessly!
You hit the orc priest. You bite the orc priest.
The orc priest is moderately wounded.
You hit the orc priest.
The orc priest is severely wounded.
You closely miss the orc priest.
The orc priest is severely wounded.
The orc priest calls down the wrath of Beogh upon you.
Beogh smites you!
* * * LOW HITPOINT WARNING * * *
Unknown command.
You feel better.
You hit the orc priest.
The orc priest is severely wounded.
The orc priest mumbles some strange prayers to Beogh against you.
Beogh smites you!
* * * LOW HITPOINT WARNING * * *
The orc priest hits you.
You die...

...# .@.# ...#
...#
########..>####
####
..........oo...
....
......oo.o..oo.
....
#######o#######.#
....
.......)@.......#
####
.#.......########
# #.###...# . #
#...# . #...# .
###...# . #.....#
. #.....# .
#.....# #########


You could see 2 orc priests and an orc.

Vanquished Creatures
  Grinder (D:4)
  Sigmund (D:3)
  Blork the orc (D:4)
  3 orc priests (D:4)
  5 orc wizards
  A worker ant (D:4)
  Robin (D:3)
  4 gnolls
  6 adders
  An adder skeleton (D:4)
  A worm (D:2)
  A leopard gecko (D:1)
  9 orcs
  3 ball pythons
  2 giant cockroaches
  13 goblins
  11 hobgoblins
  6 jackals
  4 bats
  3 frilled lizards
  6 kobolds
  2 rats
85 creatures vanquished.

Vanquished Creatures (others)
  An orc wizard (D:4)
1 creature vanquished.

Grand Total: 86 creatures vanquished

Notes
Turn   | Place    | Note
-------+----------+-------------------------------------------
     0 | D:1      | sahdkjhfkaj the Vampire Brigand began the quest for the
                  | Orb.
     0 | D:1      | Reached XP level 1. HP: 16/16 MP: 1/1
    34 | D:1      | Reached skill level 6 in Stealth
   144 | D:1      | Reached XP level 2. HP: 22/22 MP: 2/2
   296 | D:1      | Reached skill level 7 in Stealth
   671 | D:2      | Reached XP level 3. HP: 27/27 MP: 3/3
   783 | D:2      | Reached skill level 3 in Short Blades
   786 | D:2      | Learned a level 2 spell: Ensorcelled Hibernation
   978 | D:2      | Found a radiant altar of Vehumet.
  1044 | D:2      | Found a stormy altar of Qazlal.
  1129 | D:2      | Found a snail-covered altar of Cheibriados.
  1165 | D:2      | Found a shimmering altar of Xom.
  1502 | D:3      | Reached XP level 4. HP: 33/33 MP: 4/4
  1613 | D:3      | Noticed Robin
  1614 | D:3      | Noticed Sigmund
  2213 | D:3      | Killed Robin
  2214 | D:3      | Reached XP level 5. HP: 22/38 MP: 5/5
  2238 | D:3      | Reached skill level 3 in Dodging
  2721 | D:3      | Killed Sigmund
  2722 | D:3      | Reached skill level 8 in Stealth
  2722 | D:3      | Reached skill level 3 in Fighting
  2722 | D:3      | Reached XP level 6. HP: 32/47 MP: 6/6
  3025 | D:4      | Noticed Blork the orc
  3157 | D:4      | Killed Blork the orc
  3158 | D:4      | Reached XP level 7. HP: 31/54 MP: 7/7
  3476 | D:4      | Noticed Grinder
  3481 | D:4      | Killed Grinder
  3482 | D:4      | Reached skill level 6 in Short Blades
  3482 | D:4      | Reached skill level 1 in Armour
  3533 | D:4      | Noticed Eustachio
  3557 | D:4      | HP: 1/55 [orc priest/divine providence (11)]
  3557 | D:4      | Slain by an orc priest

Illustrated notes

Levels and vault maps discovered:
D:1:      minmay_arrival_nine_rooms, layout_basic
D:2:      layout_loops_ring, nicolae_overflow_quartered_altars
D:3:      layout_basic, uniq_sigmund, uniq_robin
D:4:      layout_basic, lemuel_old_faithful, uniq_grinder, uniq_eustachio,
          uniq_blork_the_orc

Skill      XL: |  1  2  3  4  5  6  7 |
---------------+----------------------+-----
Stealth        | 6 7 8 |  8.0
Fighting       | 2 3 4 |  4.9
Short Blades   | 3 4 5 6 |  6.0
Throwing       | 2 |  2.0
Dodging        | 2 3 |  3.0
Armour         | 1 |  1.0

Action                   |  1- 3 |  4- 6 |  7- 9 || total
-------------------------+-------+-------+-------++-------
Melee: Dagger            |    51 |       |       ||    51
       Bite              |     6 |    16 |     7 ||    29
       Short sword       |    31 |   190 |    75 ||   296
Throw: Dart              |       |     1 |       ||     1
  Use: Scroll            |     2 |     5 |     1 ||     8
       Potion            |       |     2 |     2 ||     4
 Stab: Sleeping          |    13 |     6 |     1 ||    20
Armor: Robe              |    24 |    26 |    16 ||    66
       Skin              |       |    17 |       ||    17
Dodge: Dodged            |    44 |    81 |    20 ||   145

Table legend: (Time is in decaauts)
 A = Elapsed time spent in this place.
 B = Non-inter-level travel time spent in this place.
 C = Inter-level travel time spent in this place.
 D = Time resting spent in this place.
 E = Time spent auto-exploring this place.
 F = Levels seen in this place.
 G = Mean time per level.
                   A        B        C        D        E       F      G
               +--------+--------+--------+--------+--------+-----+--------+
         Total |   3457 |   3377 |     80 |    425 |   2178 |   4 |  864.2 |
       Dungeon |   3457 |   3377 |     80 |    425 |   2178 |   4 |  864.2 |
               +--------+--------+--------+--------+--------+-----+--------+

Top non-repeatable levels by time:
     D:3: 1184 daAuts
     D:2: 1016 daAuts
     D:4: 652 daAuts
     D:1: 603 daAuts
